 Dungeon Crawl Stone Soup version 0.30-a0-372-g0ce2686038 (webtiles) character file.

Game seed: 5701025167590467005

77744 Jannitor the Tortoise (level 16, -4/130 HPs)
             Began as a Meteoran Fighter on Nov 9, 2022.
             Was a High Priest of Okawaru.
             Slain by a caustic shrike simulacrum (20 damage)
             ... in an ice cave on Nov 23, 2022.
             The game lasted 00:46:28 (9983 turns).

Jannitor the Tortoise (Meteoran Fighter)            Turns: 9983, Time: 00:46:29

Health: -4/130     AC: 28    Str: 28    XL:     16   Next: 53%
Magic:  14/24      EV: 12    Int: 11    God:    Okawaru [*****.]
Gold:   2125       SH: 15    Dex: 14    Spells: 15/15 levels left

rFire   + + .      SeeInvis .    b - +4 broad axe "Ukuydykh" {vorpal, Str+3}
rCold   + . .      Faith    .    e - +0 kite shield
rNeg    . . .      Spirit   .    O - +9 plate armour of the Well-Known Heavens {rF+}
rPois   +          Reflect  .    (helmet restricted)
rElec   .          Harm     .    u - scarf {rC+ rF+}
rCorr   +          Rampage  .    (no gloves)
Will    ++...                    (no boots)
Stlth   ..........               (no amulet)
HPRegen 0.41/turn                E - ring of poison resistance
MPRegen 0.19/turn                C - ring of resist corrosion

@: heroic, finesse-ful, glowing
A: sense surroundings 2, otherworldly, glowing, explore regen, horns 1, frail 1,
low MP 1
a: Renounce Religion, Heroism, Finesse, Duel


You were in an ice cave.
You worshipped Okawaru.
Okawaru was extremely pleased with you.
You visited 5 branches of the dungeon, and saw 23 of its levels.
You also visited: Gauntlet and Ice Cave.

You collected 2125 gold pieces.

Inventory:

Hand Weapons
 b - the +4 broad axe "Ukuydykh" (weapon) {vorpal, Str+3}
   (You found it in a Gauntlet)

   It inflicts extra damage upon your enemies.
   Str:       It affects your strength (+3).
 r - a +3 hand axe of venom
 x - a +0 war axe
 G - a +2 morningstar of freezing
Missiles
 l - a silver javelin
 m - 7 javelins (quivered)
Armour
 a - the +0 cloak of Edyb {rPois Will- Dex+7}
   (You found it in a Gauntlet)

   Dex:       It affects your dexterity (+7).
   rPois:     It protects you from poison.
   Will:      It decreases your willpower.
 e - a +0 kite shield (worn)
 g - a +0 helmet of intelligence
 u - a scarf of resistance (worn)
 K - a +2 helmet
 O - the +9 plate armour of the Well-Known Heavens (worn) {rF+}
   (Okawaru gifted it to you on level 2 of the Lair of Beasts)

   rF:        It protects you from fire.
 P - a +1 cloak of willpower
 T - the +2 cloak "Baed" {rF- rC+++ Regen+ Slay-6}
   (Okawaru gifted it to you in the Arena)

   Slay:      It affects your accuracy & damage with ranged weapons and melee
   (-6).
   rF:        It makes you vulnerable to fire.
   rC:        It renders you almost immune to cold.
   Regen:     It increases your rate of health regeneration.
Jewellery
 p - a ring of see invisible
 t - a ring of magical power
 C - a ring of resist corrosion (right hand)
 E - a ring of poison resistance (left hand)
 M - a +4 ring of evasion
Wands
 c - a wand of iceblast (15)
 j - a wand of polymorph (15)
 n - a wand of mindburst (8)
 H - a wand of flame (37)
 R - a wand of digging (6)
Scrolls
 h - 3 scrolls of immolation
 k - 3 scrolls of teleportation
 q - a scroll of enchant armour
 y - 5 scrolls of enchant weapon
 z - 2 scrolls of vulnerability
 F - 2 scrolls of blinking
 J - 4 scrolls of amnesia
 L - 4 scrolls of fog
 Q - a scroll of torment
 S - a scroll of fear
Potions
 d - a potion of berserk rage
 f - a potion of cancellation {unknown}
 i - 2 potions of magic
 o - 3 potions of resistance
 s - 2 potions of degeneration
 v - a potion of flight
 w - 3 potions of brilliance
 B - 2 potions of attraction
 D - a potion of invisibility
 I - 3 potions of mutation
 N - a potion of lignification
Miscellaneous
 A - a tin of tremorstones (2/2)


   Skills:
 + Level 13.9(18.9) Fighting
 + Level 11.5(17.9) Axes
 - Level 10.4(18.0) Maces & Flails
 + Level 8.4(13.4) Throwing
 + Level 15.0(20.0) Armour
 + Level 3.8(8.8) Dodging
 + Level 15.0(20.0) Shields
 - Level 12.8 Invocations


You had 15 spell levels left.
You didn't know any spells.
Your spell library contained the following spells:

 Spells                   Type           Power      Damage    Failure   Level
 Freeze                   Ice            0%         1d3       91%         1
 Sting                    Tmut/Pois      0%         1d3       91%         1
 Blink                    Tloc           0%         N/A       97%         2
 Momentum Strike          Conj/Tloc      0%         3d8       97%         2
 Poisonous Vapours        Pois/Air       0%         N/A       97%         2
 Frozen Ramparts          Ice            0%         1d1       100%        3
 Hailstorm                Conj/Ice       0%         3d3       100%        3
 Inner Flame              Hex/Fire       0%         N/A       100%        3
 Lesser Beckoning         Tloc           0%         N/A       100%        3
 Flame Wave               Conj/Fire      0%         2d4       100%        4
 Ice Form                 Ice/Tmut       0%         N/A       100%        4
 Olgreb's Toxic Radiance  Pois           0%         N/A       100%        4
 Sticky Flame             Conj/Fire      0%         2d3       100%        4
 Blade Hands              Tmut           0%         N/A       100%        5
 Iron Shot                Conj/Erth      0%         9d1       100%        6
 Summon Small Mammal      Summ           Unusable   N/A       N/A         1
 Call Canine Familiar     Summ           Unusable   N/A       N/A         3
 Summon Guardian Golem    Hex/Summ       Unusable   N/A       N/A         3
 Animate Armour           Summ/Erth      Unusable   N/A       N/A         4
 Summon Ice Beast         Ice/Summ       Unusable   N/A       N/A         4
 Summon Mana Viper        Hex/Summ       Unusable   N/A       N/A         5
 Simulacrum               Ice/Necr       Unusable   N/A       N/A         6
 Monstrous Menagerie      Summ           Unusable   N/A       N/A         7

Dungeon Overview and Level Annotations

Branches:
Dungeon (11/15) Zot: 884   Temple (1/1) D:7 Zot: 359    Lair (5/5) D:11 Zot: 570
  Swamp (0/4) Lair:2       Spider (2/4) Lair:3 Zot: 664   Slime (4/5) Lair:5 Zot: 1556
  IceCv (1/1) Zot: 522    Gauntlet (visited)
    Orc: D:9-12

Altars:
Ashenzari
Cheibriados
Dithmenos
Elyvilon
Fedhas
Gozag
Hepliaklqana
Kikubaaqudgha
Nemelex Xobeh
Okawaru
Qazlal
Ru
Sif Muna
Trog
Uskayaw
Vehumet
Wu Jian
Yredelemnul
Zin
The Shining One

Shops:
D:7 *

Annotations:
D:5 1 runed translucent door, twist's ghost, novice OpHs
D:9 Gastronok
Lair:1 2 transporters


Innate Abilities, Weirdness & Mutations

You passively map the area around you.
You are easily found by Zot.
You glow in the dark.
You regain HP and MP as you explore.
You have a pair of small horns on your head.
You are frail. (-10% HP)
Your magical capacity is low. (-10% MP)


Message History

You block the caustic shrike simulacrum's attack.
The spriggan defender simulacrum closely misses you.
A minotaur simulacrum comes into view.
You block the minotaur simulacrum's attack.
The minotaur simulacrum gores you but does no damage.
The caustic shrike simulacrum misses you.
Unknown command.
You hit the spriggan defender simulacrum.
Your headbutt misses the spriggan defender simulacrum.
The spriggan defender simulacrum is moderately damaged.
You slash the minotaur simulacrum!
You barely miss the caustic shrike simulacrum.
The spriggan defender simulacrum hits you.
The spriggan defender simulacrum freezes you!!
You resist.
You block the caustic shrike simulacrum's attack.
You slice the spriggan defender simulacrum!!
The spriggan defender simulacrum vaporises!
Okawaru accepts your kill.
You slash the minotaur simulacrum!
You hit the caustic shrike simulacrum but do no damage.
You block the minotaur simulacrum's attack.
The minotaur simulacrum gores you. The minotaur simulacrum freezes you!
You resist.
* * * LOW HITPOINT WARNING * * *
Your base Shields skill increases to level 15!
You slice the minotaur simulacrum!!
The minotaur simulacrum vaporises!
Okawaru accepts your kill.
You hit the caustic shrike simulacrum but do no damage.
You block the caustic shrike simulacrum's attack.
Unknown command.
You barely miss the caustic shrike simulacrum.
You headbutt the caustic shrike simulacrum.
The caustic shrike simulacrum is lightly damaged.
The caustic shrike simulacrum claws you!
* * * LOW HITPOINT WARNING * * *
The caustic shrike simulacrum freezes you!!
You resist.
You die...

#...# *,
#...# #.#
* ##.#.##
*.. *
##..#..#
*#.# **
#..###.#
..# ## *
##.###.##
#..#.## *
#..##..#
#.....# ,
##.###.#
#.☼☼#.###
## #.###.#
#@Z..##.
.# #..##.#
####..#.#.
##.##.##
*#....#
#.###.## *
#.##
#..##..#
##.#
##.###.#
#.## #..#
#.## #.##
###..#
#..#
####.#
##...##
##.##
###....#


You could see a caustic shrike simulacrum.

Vanquished Creatures
  3 acid blobs
  An azure jelly (Slime:1)
  2 rockslimes
  An emperor scorpion (Spider:2)
  2 quicksilver oozes
  2 broodmothers (Spider:1)
  A very ugly thing (Spider:2)
  A minotaur (Gauntlet)
  A great orb of eyes (Slime:3)
  5 hydras
  Erica (D:9)
  2 boulder beetles
  4 two-headed ogres
  7 death yaks
  A jorogumo (Spider:1)
  The ghost of Cyrchepe the Summoner, a journeyman FeSu of Gozag (Lair:4)
  A catoblepas (Lair:4)
  2 thrashing horrors (Gauntlet)
  A sun moth (Spider:1)
  2 steelbarb worms (Spider:1)
  3 spriggan simulacra (IceCv)
  2 goliath frogs (Lair:5)
  A bog body (Lair:2)
  Pikel (D:5)
  2 wolf spiders (Spider:2)
  7 ugly things (Spider:2)
  3 shining eyes (Slime:3)
  8 elephants
  An eye of devastation (Slime:1)
  2 black mambas
  16 cane toads
  2 torpor snails
  An unseen horror (D:11)
  A demonic crawler (Spider:2)
  7 komodo dragons
  2 rime drakes
  2 ice devils
  3 polar bears
  3 tyrant leeches (Lair:5)
  35 slime creatures
  11 tarantellas
  2 hornets
  17 blink frogs (Lair:5)
  3 dream sheep (Lair:2)
  A jumping spider (Spider:2)
  A culicivora (Spider:2)
  A dire elephant simulacrum (IceCv)
  A wraith (D:10)
  3 wyverns
  7 shadows
  2 chaos spawn (Gauntlet)
  7 basilisks
  A neqoxec (Gauntlet)
  23 yaks
  2 golden eyes
  5 vampire mosquitoes (Lair:5)
  8 redbacks
  A minotaur simulacrum (IceCv)
  Edmund (D:6)
  10 water moccasins
  Duvessa (D:6)
  2 acid dragons
  4 small abominations (Gauntlet)
  An orc warrior (D:5)
  A sky beast (D:7)
  3 black bears
  An ice beast (D:6)
  A centaur (D:8)
  12 wolves
  2 phantoms (D:5)
  A lemure (D:5)
  3 kobold brigands
  2 necrophages (D:5)
  11 bullfrogs
  2 water moccasin zombies (D:6)
  2 deep troll simulacra (IceCv)
  A scorpion (D:6)
  10 wights
  Dowan (D:6)
  5 killer bees (D:7)
  A lindwurm simulacrum (IceCv)
  5 howler monkeys
  2 bullfrog zombies (D:6)
  A centaur zombie (D:6)
  A jelly (D:5)
  3 orc priests
  7 hounds
  Jessica (D:2)
  Natasha (thrice) (D:3)
  3 iguanas
  8 orc wizards
  14 hell rats
  A killer bee zombie (D:6)
  Robin (D:2)
  6 adders
  2 river rats (D:11)
  2 white imps (D:7)
  3 ufetubi
  A worm (D:3)
  2 dart slugs (D:4)
  20 orcs
  A bat (D:3)
  5 endoplasms
  A giant cockroach (D:1)
  12 goblins
  6 hobgoblins
  7 jackals
  5 quokkas
  6 ball pythons
  A frilled lizard (D:3)
  19 kobolds
  4 rats
470 creatures vanquished.

Vanquished Creatures (others)
  A wizard (D:10)
  2 bushes
  15 fungi
  70 plants
88 creatures vanquished.

Grand Total: 558 creatures vanquished

Notes
Turn   | Place    | Note
-------+----------+-------------------------------------------
     0 | D:1      | Jannitor the Meteoran Fighter began the quest for the Orb.
     0 | D:1      | Reached XP level 1. HP: 19/19 MP: 2/2
    74 | D:1      | Reached XP level 2. HP: 25/26 MP: 3/3
   202 | D:2      | Noticed Jessica
   211 | D:2      | Killed Jessica
   212 | D:2      | Reached XP level 3. HP: 18/33 MP: 4/4
   214 | D:2      | Reached XP level 4. HP: 20/40 MP: 5/5
   808 | D:2      | Noticed Robin
   834 | D:2      | Killed Robin
   876 | D:2      | Reached XP level 5. HP: 44/46 MP: 6/6
  1161 | D:3      | Reached XP level 6. HP: 32/53 MP: 7/7
  1239 | D:3      | Noticed Natasha
  1245 | D:3      | Killed Natasha
  1246 | D:3      | Reached skill level 5 in Armour
  1246 | D:3      | Reached skill level 5 in Shields
  1263 | D:3      | Noticed Natasha
  1275 | D:3      | Killed Natasha
  1276 | D:3      | Reached skill level 1 in Axes
  1277 | D:3      | Noticed Natasha
  1283 | D:3      | Killed Natasha
  1354 | D:4      | Reached XP level 7. HP: 60/60 MP: 8/8
  1850 | D:4      | Found an opulent altar of Gozag.
  1869 | D:5      | Entered Level 5 of the Dungeon
  1878 | D:5      | Reached skill level 5 in Fighting
  1919 | D:5      | Reached XP level 8. HP: 44/69 MP: 9/9
  1966 | D:5      | Found a white marble altar of Elyvilon.
  2241 | D:5      | Found a runed translucent door.
  2243 | D:5      | Noticed twist's ghost (novice OpHs)
  2371 | D:6      | Noticed Pikel
  2388 | D:5      | Killed Pikel
  2389 | D:5      | Reached skill level 5 in Axes
  2389 | D:5      | Gained mutation: You passively map the area around you.
                  | [Meteoran growth]
  2389 | D:5      | Reached XP level 9. HP: 56/78 MP: 10/10
  2687 | D:6      | Noticed Duvessa
  2688 | D:6      | Noticed Dowan
  2700 | D:6      | Killed Dowan
  2703 | D:6      | Killed Duvessa
  2847 | D:6      | Noticed Edmund
  2907 | D:6      | Killed Edmund
  2968 | D:6      | Found a basalt altar of Yredelemnul.
  3027 | D:6      | Found a broken altar of Ashenzari.
  3069 | D:7      | Reached XP level 10. HP: 81/86 MP: 11/11
  3090 | D:7      | Found a sparkling altar of Nemelex Xobeh.
  3375 | D:7      | Found Doogaaz's General Store.
  3443 | D:7      | Found a staircase to the Ecumenical Temple.
  3448 | Temple   | Entered the Ecumenical Temple
  3785 | Temple   | Became a worshipper of Warmaster Okawaru
  3869 | D:8      | Found a glowing golden altar of the Shining One.
  4020 | D:8      | Reached skill level 1 in Invocations
  4031 | D:8      | Noticed a two-headed ogre
  4042 | D:8      | Killed a two-headed ogre
  4042 | D:8      | Reached * piety under Okawaru
  4483 | D:9      | Noticed Erica
  4491 | D:9      | Reached XP level 11. HP: 63/95 MP: 14/14
  4493 | D:9      | Reached skill level 5 in Maces & Flails
  4515 | D:9      | Paralysed by Erica for 2 turns
  4532 | D:9      | Killed Erica
  4532 | D:9      | Reached ** piety under Okawaru
  4654 | D:9      | Noticed Gastronok
  4854 | D:10     | Entered Level 10 of the Dungeon
  4874 | D:10     | Noticed a two-headed ogre
  4883 | D:10     | Killed a two-headed ogre
  4884 | D:10     | Reached skill level 10 in Armour
  4884 | D:10     | Reached skill level 10 in Shields
  4884 | D:10     | Reached skill level 5 in Invocations
  5206 | D:10     | Reached *** piety under Okawaru
  5383 | D:10     | Noticed a two-headed ogre
  5391 | D:10     | Killed a two-headed ogre
  5509 | D:10     | Found a bloodstained altar of Trog.
  5561 | D:10     | Noticed a wizard
  5566 | D:10     | Killed a wizard
  5648 | D:11     | Noticed a death yak
  5648 | D:11     | Noticed a death yak
  5655 | D:11     | Noticed a death yak
  5665 | D:11     | Killed a death yak
  5665 | D:11     | Reached **** piety under Okawaru
  5669 | D:11     | Killed a death yak
  5670 | D:11     | Reached XP level 12. HP: 64/106 MP: 16/18
  5674 | D:11     | Killed a death yak
  5675 | D:11     | Reached skill level 10 in Fighting
  5698 | D:11     | Found a staircase to the Lair.
  5700 | D:11     | Noticed a two-headed ogre
  5707 | D:11     | Killed a two-headed ogre
  5707 | D:11     | Reached ***** piety under Okawaru
  5754 | Lair:1   | Entered Level 1 of the Lair of Beasts
  5929 | Lair:1   | Found a transporter.
  5958 | Lair:1   | Found a transporter.
  6212 | Lair:1   | Identified the +1 robe of the Pink Corner {Fly rPois Will+}
  6241 | Lair:1   | Glimpsed the power of Zot.
  6287 | Lair:2   | Noticed a bog body
  6287 | Lair:2   | Found a staircase to the Swamp.
  6292 | Lair:2   | Killed a bog body
  6312 | Lair:2   | Identified the +9 plate armour of the Well-Known Heavens
                  | {rF+} (Okawaru gifted it to you on level 2 of the Lair of
                  | Beasts)
  6312 | Lair:2   | Received a gift from Okawaru
  6519 | Lair:2   | Noticed a death yak
  6519 | Lair:2   | Noticed a death yak
  6520 | Lair:2   | Noticed a death yak
  6521 | Lair:2   | Noticed a death yak
  6535 | Lair:2   | Killed a death yak
  6543 | Lair:2   | Killed a death yak
  6544 | Lair:2   | Reached XP level 13. HP: 90/115 MP: 20/20
  6547 | Lair:2   | Killed a death yak
  6554 | Lair:2   | Killed a death yak
  6566 | Lair:2   | Upgraded the game from 0.30-a0-358-g0d69a1922f to
                  | 0.30-a0-372-g0ce2686038
  6698 | Lair:3   | Found a gate leading to a gauntlet.
  6708 | Gauntlet | Entered a Gauntlet
  6708 | Gauntlet | Found a transporter.
  6708 | Gauntlet | Found a transporter.
  6712 | Gauntlet | Found a transporter.
  6712 | Gauntlet | Found a transporter.
  6723 | Gauntlet | Found a transporter.
  6726 | Gauntlet | Found a transporter.
  6732 | Gauntlet | Found a transporter.
  6732 | Gauntlet | Found a transporter.
  6733 | Gauntlet | Noticed a quicksilver ooze
  6786 | Gauntlet | Found a transporter.
  6817 | Gauntlet | Paralysed by you for 2 turns
  6828 | Gauntlet | Found a transporter.
  6830 | Gauntlet | Found a large runed translucent door.
  6831 | Gauntlet | Found a large runed translucent door.
  6832 | Gauntlet | Found a large runed translucent door.
  6832 | Gauntlet | Found a large runed translucent door.
  6832 | Gauntlet | Found a runed translucent door.
  6832 | Gauntlet | Found a runed translucent door.
  6833 | Gauntlet | Found a large runed translucent door.
  6834 | Gauntlet | Found a large runed translucent door.
  6835 | Gauntlet | Found a large runed translucent door.
  6835 | Gauntlet | Found a large runed translucent door.
  6835 | Gauntlet | Found a large runed translucent door.
  6835 | Gauntlet | Found a large runed translucent door.
  6835 | Gauntlet | Found a large runed translucent door.
  6835 | Gauntlet | Found a large runed translucent door.
  6836 | Gauntlet | Found a large runed translucent door.
  6836 | Gauntlet | Found a large runed translucent door.
  6837 | Gauntlet | Found a large runed translucent door.
  6837 | Gauntlet | Found a large runed translucent door.
  6858 | Gauntlet | Identified the +0 cloak of Edyb {rPois Will- Dex+7}
  6871 | Gauntlet | Reached skill level 10 in Maces & Flails
  6907 | Gauntlet | Found a runed translucent gate.
  6908 | Gauntlet | Found a transporter.
  6908 | Gauntlet | Found a runed translucent gate.
  6909 | Gauntlet | Found a runed translucent gate.
  6917 | Gauntlet | Found a transporter.
  6953 | Gauntlet | Reached skill level 10 in Invocations
  6961 | Gauntlet | Identified the +4 broad axe "Ukuydykh" {vorpal, Str+3}
  6976 | Gauntlet | Noticed a minotaur
  6993 | Gauntlet | Killed a minotaur
  7009 | Gauntlet | Identified the +9 mace of the Moon {vamp, rF+ Will+}
  7024 | Lair:3   | Received a gift from Okawaru
  7162 | Lair:3   | Reached skill level 1 in Throwing
  7172 | Lair:3   | Noticed a seven-headed hydra
  7183 | Lair:3   | Killed a seven-headed hydra
  7351 | Lair:3   | Found a hole to the Spider Nest.
  7365 | Spider:1 | Entered Level 1 of the Spider Nest
  7407 | Spider:1 | Reached XP level 14. HP: 37/125 MP: 22/22
  7471 | Spider:1 | Noticed a broodmother
  7484 | Spider:1 | Killed a broodmother
  7484 | Spider:1 | Received a gift from Okawaru
  7528 | Spider:1 | Noticed a broodmother
  7540 | Spider:1 | Killed a broodmother
  7792 | Lair:5   | Entered Level 5 of the Lair of Beasts
  7921 | Lair:4   | Noticed Cyrchepe's ghost (journeyman FeSu)
  7923 | Lair:4   | Found a runed translucent door.
  7954 | Lair:4   | Killed Cyrchepe's ghost
  7954 | Lair:4   | Reached ****** piety under Okawaru
  7965 | Lair:4   | Identified a scroll of acquirement
  7966 | Lair:4   | Acquired 1007 gold pieces
  8005 | Lair:5   | Found a staircase to the Slime Pits.
  8037 | Lair:5   | Received a gift from Okawaru
  8140 | Lair:5   | Received a gift from Okawaru
  8141 | Lair:5   | Reached skill level 5 in Throwing
  8268 | Lair:5   | Reached XP level 15. HP: 103/134 MP: 22/24
  8440 | Lair:5   | Reached skill level 10 in Axes
  8634 | Slime:1  | Entered Level 1 of the Pits of Slime
  8666 | Slime:1  | Noticed an azure jelly
  8675 | Slime:1  | Killed an azure jelly
  8703 | Slime:1  | Noticed an acid blob
  8711 | Slime:1  | Killed an acid blob
  8787 | Slime:1  | Identified the +1 plate armour of Instinct {rCorr Int+2}
                  | (Okawaru gifted it to you on level 1 of the Pits of Slime)
  8787 | Slime:1  | Received a gift from Okawaru
  8799 | Slime:1  | HP: 6/135 [slime creature (14)]
  8910 | Slime:1  | Noticed a rockslime
  8922 | Slime:1  | Killed a rockslime
  8952 | Slime:1  | Noticed a quicksilver ooze
  8961 | Slime:1  | Killed a quicksilver ooze
  8965 | Slime:2  | Noticed an acid blob
  8965 | Slime:2  | Noticed an acid blob
  8965 | Slime:2  | Noticed a quicksilver ooze
  8982 | Slime:1  | Killed an acid blob
  9085 | Slime:2  | Noticed a rockslime
  9213 | Slime:3  | Gained mutation: Your spells are a little easier to cast,
                  | but a little less powerful. [a shining eye]
  9231 | Slime:3  | Noticed a quicksilver ooze
  9251 | Slime:3  | Killed a quicksilver ooze
  9267 | Slime:3  | Paralysed by a great orb of eyes for 2 turns
  9290 | Slime:3  | Reached skill level 1 in Dodging
  9296 | Slime:2  | Gained mutation: You are clumsy. (Dex -2) [a shining eye]
  9297 | Slime:2  | Gained mutation: Your magical capacity is low. (-10% MP) [a
                  | shining eye]
  9301 | Slime:3  | Gained mutation: You have hidden genetic defects. [a
                  | shining eye]
  9305 | Slime:3  | Lost mutation: You have hidden genetic defects. [potion of
                  | mutation]
  9305 | Slime:3  | Lost mutation: You are clumsy. (Dex -2) [potion of
                  | mutation]
  9305 | Slime:3  | Lost mutation: Your spells are a little easier to cast, but
                  | a little less powerful. [potion of mutation]
  9305 | Slime:3  | Gained mutation: You are frail. (-10% HP) [potion of
                  | mutation]
  9305 | Slime:3  | Gained mutation: You have a pair of small horns on your
                  | head. [potion of mutation]
  9309 | Slime:3  | Noticed an acid blob
  9312 | Slime:3  | Noticed a quicksilver ooze
  9313 | Slime:3  | Noticed an acid blob
  9323 | Slime:2  | Noticed a rockslime
  9358 | Slime:4  | Noticed an acid blob
  9363 | Slime:4  | Killed an acid blob
  9364 | Slime:4  | Reached XP level 16. HP: 123/129 MP: 22/24
  9369 | Slime:4  | Noticed a rockslime
  9384 | Slime:4  | Killed a rockslime
  9384 | Slime:4  | Received a gift from Okawaru
  9397 | Slime:4  | Noticed an acid blob
  9647 | Spider:2 | Noticed an emperor scorpion
  9665 | Spider:2 | Killed an emperor scorpion
  9665 | Spider:2 | Received a gift from Okawaru
  9816 | Spider:2 | Found a frozen archway.
  9879 | IceCv    | Entered an ice cave
  9899 | IceCv    | Reached skill level 15 in Armour
  9964 | Arena    | Entered the Arena
  9968 | Arena    | Identified the +2 cloak "Baed" {rF- rC+++ Regen+ Slay-6}
                  | (Okawaru gifted it to you in the Arena)
  9968 | Arena    | Received a gift from Okawaru
  9982 | IceCv    | Reached skill level 15 in Shields
  9983 | IceCv    | Slain by a caustic shrike simulacrum

Illustrated notes

Levels and vault maps discovered:
D:1:      mushboom_english_gardens, layout_loops_ring
D:2:      layout_rooms, kennysheep_nub, lemuel_flame_loot_1, uniq_jessica,
          uniq_robin
D:3:      layout_rooms, doesnt_xom_only_xom, uniq_natasha, uniq_sigmund
D:4:      layout_basic, mainiacjoe_overflow_brackets, minmay_door_square,
          nicolae_eternal_life
D:5:      layout_rooms, nicolae_elyvilon_peaceful_grove,
          ebering_ghost_reflecting_pool, kennysheep_small_square
D:6:      layout_basic, nicolae_yredelemnul_corpse_copse,
          nicolae_overflow_hidden_temple, roderic_batcave, uniq_duvessa,
          uniq_pikel, uniq_edmund
D:7:      layout_cave_pools, mainiacjoe_overflow_paths,
          minmay_temple_entry_nine_rooms, serial_shops, shop, chequers_arboretum
D:8:      layout_basic, tso_metal_star
D:9:      layout_roguey, makhleb_altar_promises_db, uniq_erica, uniq_gastronok
D:10:     layout_roguey, trog_wizard
D:11:     layout_roguey, dpeg_lair_monsters, orc_0_dummy
Temple:   compressed_dpeg_triangle_lava_temple
Lair:1:   gammafunk_worm_tunnel, layout_small_grid, beast_lair_carwin_9,
          grunt_megastairs_2
Lair:2:   layout_cave_pods, skrybe_swamp_entry_bodies
Lair:3:   layout_gridlike, spider_nest_entry_webs, gauntlet_entry_generic
Lair:4:   layout_layer_cave, hellmonk_ghost_happy_afterlife,
          lemuel_fruit_fields, lemuel_fruit_tree
Lair:5:   minmay_lair_end_frog_pond, layout_regular_city, slime_entry_1
Spider:1: nicolae_spider_hilbert_zone_1 [nicolae_spider_hilbert_4_sides_1_open,
          nicolae_spider_hilbert_4_sides_1_open,
          nicolae_spider_hilbert_4_sides_1_open,
          nicolae_spider_hilbert_4_sides_1_open,
          nicolae_spider_hilbert_3_sides_1_open,
          nicolae_spider_hilbert_3_sides_1_open,
          nicolae_spider_hilbert_3_sides_1_open,
          nicolae_spider_hilbert_3_sides_1_open,
          nicolae_spider_hilbert_3_sides_1_open,
          nicolae_spider_hilbert_6_sides_1_open,
          nicolae_spider_hilbert_6_sides_1_open,
          nicolae_spider_hilbert_3_sides_1_open,
          nicolae_spider_hilbert_3_sides_1_open,
          nicolae_spider_hilbert_3_sides_1_open,
          nicolae_spider_hilbert_3_sides_1_open,
          nicolae_spider_hilbert_2_sides_1_open]
Spider:2: layout_spider_delve, portal_ice_cave_entry_ugly_swarm,
          hangedman_spider_tarantella_strand
Slime:1:  layout_caves, nicolae_slime_barrier, nicolae_slime_phagocytosis
Slime:2:  layout_caves
Slime:3:  layout_caves, cheibrodos_slime_lost_civilization_7
Slime:4:  layout_caves
IceCv:    ice_cave_caverns_01

Skill      XL: |  1  2  3  4  5  6  7  8  9 10 11 12 13 14 15 16 |
---------------+-------------------------------------------------+-----
Maces & Flails | 3 4 7 9 10 | 10.4
Armour         | 4 5 7 8 9 10 11 12 13 14 15 | 15.0
Shields        | 4 5 7 8 9 10 11 12 13 14 15 | 15.0
Fighting       | 4 5 6 7 8 9 10 11 12 13 | 13.9
Axes           | 1 3 5 6 7 8 9 10 11 | 11.5
Invocations    | 3 6 8 10 11 12 | 12.8
Throwing       | 2 5 7 8 |  8.4
Dodging        | 1 3 |  3.8

Action                   |  1- 3 |  4- 6 |  7- 9 | 10-12 | 13-15 | 16-18 || total
-------------------------+-------+-------+-------+-------+-------+-------++-------
Melee: Flail             |    25 |   143 |       |       |       |       ||   168
       Hand axe          |       |    34 |   244 |    82 |       |       ||   360
       Unarmed           |       |       |     2 |       |       |       ||     2
       Morningstar       |       |       |       |   411 |   179 |       ||   590
       Broad axe         |       |       |       |       |   673 |   177 ||   850
       Headbutt          |       |       |       |       |     3 |    50 ||    53
Throw: Javelin           |       |       |       |       |    44 |     3 ||    47
Invok: Heroism           |       |       |       |     3 |    17 |     4 ||    24
       Finesse           |       |       |       |       |     5 |     5 ||    10
       Duel              |       |       |       |       |       |     1 ||     1
Evoke: Wand              |       |       |       |     6 |     3 |       ||     9
  Use: Scroll            |       |     1 |     8 |     9 |    13 |     3 ||    34
       Potion            |       |       |     3 |     2 |     6 |     2 ||    13
 Stab: Confused          |       |       |       |     1 |       |       ||     1
Armor: Scale mail        |     7 |       |       |       |       |       ||     7
       Chain mail        |     9 |    98 |   137 |    86 |       |       ||   330
       Plate armour      |       |       |       |   146 |   513 |    84 ||   743
Dodge: Dodged            |     5 |    30 |    56 |    86 |   215 |    36 ||   428
Block: Kite shield       |    11 |    93 |   139 |   277 |   484 |    91 ||  1095

Table legend: (Time is in decaauts)
 A = Elapsed time spent in this place.
 B = Non-inter-level travel time spent in this place.
 C = Inter-level travel time spent in this place.
 D = Time resting spent in this place.
 E = Time spent auto-exploring this place.
 F = Levels seen in this place.
 G = Mean time per level.
                   A        B        C        D        E       F      G
               +--------+--------+--------+--------+--------+-----+--------+
         Total |  10135 |   9567 |    568 |    100 |   3471 |  26 |  389.8 |
       Dungeon |   5715 |   5454 |    261 |    100 |   3000 |  11 |  519.5 |
        Temple |    240 |    222 |     18 |      0 |    146 |   1 |  240.0 |
          Lair |   2429 |   2239 |    190 |      0 |    322 |   5 |  485.8 |
   Spider Nest |    535 |    521 |     14 |      0 |      0 |   2 |  267.5 |
    Slime Pits |    843 |    760 |     83 |      0 |      0 |   4 |  210.8 |
      Ice Cave |     77 |     77 |      0 |      0 |      0 |   1 |   77.0 |
      Gauntlet |    278 |    278 |      0 |      0 |      3 |   1 |  278.0 |
         Arena |     15 |     15 |      0 |      0 |      0 |   1 |   15.0 |
               +--------+--------+--------+--------+--------+-----+--------+

Top non-repeatable levels by time:
    D:10: 835 daAuts
  Lair:5: 715 daAuts
     D:6: 672 daAuts
     D:1: 661 daAuts
     D:4: 614 daAuts
  Lair:1: 546 daAuts
     D:9: 543 daAuts
     D:7: 536 daAuts
     D:5: 511 daAuts
     D:8: 496 daAuts
 Slime:1: 467 daAuts
     D:2: 459 daAuts
  Lair:3: 418 daAuts
  Lair:2: 410 daAuts
Spider:1: 343 daAuts
